 Dungeon Crawl Stone Soup version 0.30-a0-799-g109b55a442 (webtiles) character file.

Game seed: 519685839047564261

60 Esekla the Sneak (level 4, 0/31 HPs)
             Began as an Octopode Delver on Feb 20, 2023.
             Succumbed to an orc's poison
             ... on level 5 of the Dungeon.
             The game lasted 00:01:43 (93 turns).

Esekla the Sneak (Octopode Delver)                    Turns: 93, Time: 00:01:44

Health: 0/31       AC:  1    Str: 11    XL:     4   Next: 6%
Magic:  4/5        EV: 13    Int: 14    God:
Gold:   22         SH:  0    Dex: 13    Spells: 5/5 levels left

rFire   . . .      SeeInvis .    a - +0 falchion
rCold   . . .      Faith    .    (no shield)
rNeg    . . .      Spirit   .    (helmet restricted)
rPois   .          Reflect  .    (no amulet)
rElec   .          Harm     .    (no ring)
rCorr   .          Rampage  .    (no ring)
Will    .....                    (no ring)
Stlth   +++++                    (no ring)
HPRegen 0.25/turn                (no ring)
MPRegen 0.09/turn                (no ring)
                                 (no ring)
                                 (no ring)

@: lethally poisoned (0 -> -9)
A: almost no armour, amphibious, 8 rings, camouflage 1, gelatinous body 1,
(nimble swimmer 1), tentacles
a: no special abilities


You were on level 5 of the Dungeon.
You visited 1 branch of the dungeon, and saw 1 of its levels.

You collected 22 gold pieces.

Inventory:

Hand Weapons
 a - a +0 falchion (weapon)
 c - a +1 dagger of venom
Wands
 f - a wand of digging (3)
Scrolls
 b - a scroll of fog
 d - a scroll of fear
Potions
 e - a potion of haste


   Skills:
 * Level 3.3 Fighting
 * Level 2.3 Long Blades
 * Level 2.3 Dodging
 + Level 7.5 Stealth
 * Level 1.0 Spellcasting


You had 5 spell levels left.
You didn't know any spells.
Your spell library was empty.

Dungeon Overview and Level Annotations

Branches:
Dungeon (5/15)             Temple (0/1) D:5

Altars:


Innate Abilities, Weirdness & Mutations

You cannot wear most types of armour.
You are amphibious.
You can wear up to eight rings at the same time.
Your skin changes colour to match your surroundings (Stealth+).
Your rubbery body absorbs attacks. (AC +1, EV +1)
((You are camouflaged when in or above water. (Stealth+)))
You have tentacles for arms and can constrict up to eight enemies at once.


Message History

You have reached level 3!
Your experience leads to an increase in your attributes!
Increase (S)trength, (I)ntelligence, or (D)exterity?
You feel clever. x2
You have reached level 4!
Press: ? - help, v - describe, . - travel
Here: an orc, wielding a +1 dagger of venom and wearing a +0 ring mail (asleep)
The floor.
Unknown command.
You start resting.
A jelly is nearby!
You start resting.
An orc is nearby!
You hit the orc. You grab the orc. You squeeze the orc.
The orc is moderately wounded.
You constrict the orc, but do no damage.
The orc hits you with a +1 dagger of venom.
You are poisoned.
The jelly quivers.
You hit the orc but do no damage.
The orc is moderately wounded.
You constrict the orc.
You feel very sick.
The orc hits you with a +1 dagger of venom.
* * * LOW HITPOINT WARNING * * *
You are lethally poisoned!
Okay, then.
You hit the orc.
The orc is almost dead.
You constrict the orc.
You kill the orc!
* * * LOW HITPOINT WARNING * * *
You feel very sick.
Your Spellcasting skill increases to level 1!
* * * LOW HITPOINT WARNING * * *
You feel very sick.
Things that are here:
a +1 dagger of venom; a +0 ring mail; an orc corpse
c - a +1 dagger of venom You die...

,,,,,**** *,,<,,**,****
,,,,,* **#....#o*
,,,,,* #,*....o.#*
,,,,,* #.,.......##
,,,,** *#.#....#J..#
,,,,* *,......#.#.##
,,,,* *,*#.#.......#
,,,,*****
*,,#...##.J#.##########
,,,,*,,,*
**,**#@##†.............
,,,,*,,,*
*,,,#.....#.##....#.#.
,,,,*,,,*
***,#####.#.....#.#.#.
,,,,*,,,*
*,****#.####........
,,,,*,,,* #....S..#
#...>.#.. *****,,,*
############.....#.. *
*,,,* #...........##.#
*****,,,*
#.........#.##.#
,,,,*,,,*
#.........#.##.#


You could see an orc warrior (asleep) and an orc (asleep).

Vanquished Creatures
  A necrophage (D:5)
  An orc (D:5)
2 creatures vanquished.

Notes
Turn   | Place    | Note
-------+----------+-------------------------------------------
     0 | D:5      | Esekla the Octopode Delver began the quest for the Orb.
     0 | D:5      | Reached XP level 1. HP: 16/16 MP: 1/1
    40 | D:5      | Noticed an orc warrior
    40 | D:5      | Noticed a necrophage
    49 | D:5      | Noticed a jelly
    57 | D:5      | Killed a necrophage
    58 | D:5      | Reached skill level 7 in Stealth
    58 | D:5      | Reached XP level 2. HP: 7/21 MP: 1/3
    58 | D:5      | Reached XP level 3. HP: 9/26 MP: 1/4
    58 | D:5      | Reached XP level 4. HP: 11/31 MP: 1/5
    92 | D:5      | Reached skill level 1 in Spellcasting
    93 | D:5      | Succumbed to an orc's poison

Illustrated notes

Levels and vault maps discovered:
D:5:      layout_basic, lemuel_round_altar, minmay_temple_entry_trees,
          portal_sewer_entry_b, minmay_liquid_box

Skill      XL: |  1  2  3  4 |
---------------+-------------+-----
Stealth        | 7 |  7.5
Spellcasting   | 1 |  1.0
Fighting       | |  3.3
Long Blades    | |  2.3
Dodging        | |  2.3

Action                     |  1- 3 |  4- 6 || total
---------------------------+-------+-------++-------
  Melee: Falchion          |     7 |     3 ||    10
         Constrict         |     1 |     1 ||     2
         Tentacles         |     1 |     1 ||     2
    Use: Scroll            |     1 |       ||     1
  Dodge: Dodged            |     5 |       ||     5

Table legend: (Time is in decaauts)
 A = Elapsed time spent in this place.
 B = Non-inter-level travel time spent in this place.
 C = Inter-level travel time spent in this place.
 D = Time resting spent in this place.
 E = Time spent auto-exploring this place.
 F = Levels seen in this place.
 G = Mean time per level.
                   A        B        C        D        E       F      G
               +--------+--------+--------+--------+--------+-----+--------+
         Total |     94 |     94 |      0 |     26 |      0 |   1 |   94.0 |
       Dungeon |     94 |     94 |      0 |     26 |      0 |   1 |   94.0 |
               +--------+--------+--------+--------+--------+-----+--------+

Top non-repeatable levels by time:
     D:5: 94 daAuts
